 Dungeon Crawl Stone Soup version 0.29.0-4-gdea44cf6ec (webtiles) character file.

Game seed: 1382512311097173238

746 qw the Cleaver (level 7, -4/41 HPs)
             Began as a Tengu Warper on Aug 28, 2022.
             Was an Initiate of Okawaru.
             Killed from afar by Dowan (7 damage)
             ... with a stone arrow
             ... on level 5 of the Dungeon.
             The game lasted 00:00:29 (5696 turns).

qw the Cleaver (Tengu Warper)                       Turns: 5696, Time: 00:00:29

Health: -4/41      AC:  6    Str: 24    XL:     7   Next: 77%
Magic:  11/11      EV: 14    Int: 13    God:    Okawaru [......]
Gold:   45         SH:  0    Dex: 17    Spells: 10/10 levels left

rFire   . . .      SeeInvis .   a - +3 war axe of Ywothit {vorpal, Drain Str+5 Dex+3}
rCold   . . .      Faith    .   (no shield)
rNeg    . . .      Spirit   .   l - +0 ring mail
rPois   .          Reflect  .   (helmet restricted)
rElec   .          Harm     .   k - +0 cloak
rCorr   .          Rampage  .   (no gloves)
Will    .....                   (boots unavailable)
Stlth   +.........              (no amulet)
HPRegen 0.13/turn               j - +6 ring of strength
MPRegen 0.12/turn               (no ring)

@: flying quickly and evasively, quick
A: beak, talons 3, nimble flight
a: Renounce Religion


You were on level 5 of the Dungeon.
You worshipped Okawaru.
Okawaru was noncommittal.
You visited 2 branches of the dungeon, and saw 6 of its levels.

You collected 231 gold pieces.
You spent 186 gold pieces at shops.


Innate Abilities, Weirdness & Mutations

You have a beak for a mouth.
You have claws for feet.
Your magical nature lets you fly swiftly and evasively.


   Skills:
 - Level 3.5 Fighting
 + Level 8.5 Axes
 - Level 1.0 Throwing
 - Level 1.1 Armour
 - Level 3.1 Dodging
 - Level 2.0 Spellcasting
 - Level 2.4 Translocations


You had 10 spell levels left.
You didn't know any spells.
Your spell library contained the following spells:

 Spells                   Type           Power      Damage    Failure   Level
 Blink                    Tloc           14%        N/A       22%         2
 Gell's Gravitas          Tloc           7%         N/A       41%         3
 Lesser Beckoning         Tloc           7%         N/A       41%         3
 Teleport Other           Tloc           7%         N/A       41%         3
 Manifold Assault         Tloc           7%         N/A       99%         5

Inventory:

Hand Weapons
 a - the +3 war axe of Ywothit (weapon) {vorpal, Drain Str+5 Dex+3}
   (You acquired it on level 1 of the Dungeon)

   It inflicts extra damage upon your enemies.
   Str:       It affects your strength (+5).
   Dex:       It affects your dexterity (+3).
   Drain:     It drains your maximum health when unequipped.
 e - a +0 flail
Armour
 b - a +0 plate armour
 k - a +0 cloak (worn)
 l - a +0 ring mail (worn)
Jewellery
 j - a +6 ring of strength (left hand)
 p - a ring of ice
Scrolls
 c - a scroll of identify
Potions
 d - a potion of haste
 f - a potion of cancellation {unknown}
 h - a potion of mutation {unknown}
 i - 2 potions of curing
 m - a potion of ambrosia {unknown}
 o - a potion of might {unknown}

Dungeon Overview and Level Annotations

Branches:
Dungeon (5/15)             Temple (1/1) D:4

Altars:
Ashenzari
Cheibriados
Dithmenos
Elyvilon
Fedhas
Gozag
Hepliaklqana
Kikubaaqudgha
Makhleb
Nemelex Xobeh
Okawaru
Qazlal
Sif Muna
Trog
Vehumet
Wu Jian
Xom
Yredelemnul
Zin
The Shining One
Lugonu

Shops:
D:1 (   D:4 (

Annotations:
D:5 Dowan, Pikel


Message History

You slash Duvessa! You claw Duvessa. You peck Duvessa, but do no damage.
Duvessa is almost dead.
Duvessa hits you but does no damage.
You closely miss Duvessa. Your kick misses Duvessa.
Duvessa is almost dead.
Duvessa hits you with a +0 short sword!
You hit Duvessa but do no damage.
Duvessa is almost dead.
Dowan says, "My weaknesses are her strengths!"
Duvessa hits you with a +0 short sword.
You slash Duvessa!
You kill Duvessa!
Okawaru accepts your kill.
Dowan's eyes darken. "You have made a black mistake."
Dowan seems to find hidden reserves of power!
A lemure comes into view.
Dowan misses you.
The lemure shouts!
You hit Dowan. Your kick misses Dowan. Your peck misses Dowan.
Dowan is moderately wounded.
Dowan hits you but does no damage.
A lemure comes into view.
Dowan hits you with a +0 dagger.
You barely miss Dowan. You peck Dowan, but do no damage.
Dowan is moderately wounded.
You slash Pikel! Pikel completely misses you. Dowan closely misses you.
Pikel hits you but does no damage.
You are electrocuted!
A lemure comes into view.
You hit Pikel but do no damage. Your kick misses Pikel.
Pikel is moderately wounded.
You barely miss Dowan. Dowan barely misses you.
Dowan hits you but does no damage.
Pikel hits you with a +2 whip of electrocution.
You hit Pikel but do no damage. Your kick misses Pikel. Your peck misses Pikel.
Pikel is moderately wounded.
You slash Dowan! Dowan casts a spell at you. The stone arrow hits you!
You die...

####### .......
..<.... .....(.
....... ##...e.
#...# #e#
########@###.####
.........K55.5.5.
#######
######.####.####
......# #.........#
#####.####.........#
#..............#
######....>....#
#.........#
....###...##


You could see Pikel, 4 lemures and Dowan (fast).

Vanquished Creatures
  Duvessa (D:5)
  2 ogres (D:4)
  A crimson imp (D:4)
  An orc priest (D:4)
  2 hounds
  Jessica (D:2)
  Natasha (thrice) (D:3)
  An orc wizard (D:4)
  A river rat (D:3)
  14 adders
  2 ufetubi (D:5)
  2 worms
  A dart slug (D:3)
  2 orcs
  10 endoplasms
  5 giant cockroaches
  7 goblins
  3 hobgoblins
  3 jackals (D:4)
  2 kobolds
  7 quokkas
  7 ball pythons
  4 bats
  3 frilled lizards
  5 rats
90 creatures vanquished.

Vanquished Creatures (others)
  9 plants (D:1)
9 creatures vanquished.

Grand Total: 99 creatures vanquished

Notes
Turn   | Place    | Note
-------+----------+-------------------------------------------
     0 | D:1      | qw the Tengu Warper began the quest for the Orb.
     0 | D:1      | Reached XP level 1. HP: 12/12 MP: 4/4
     0 | D:1      | 0 ||| qw: Version: 0.1-a-89-g26bdef1
     0 | D:1      | 0 ||| qw: Game counter: 170
     0 | D:1      | 0 ||| qw: Always use a shield: true
     0 | D:1      | 0 ||| qw: God list: Okawaru
     0 | D:1      | 0 ||| qw: Allow faded altars: false
     0 | D:1      | 0 ||| qw: Do Orc after D:15 true
     0 | D:1      | 0 ||| qw: Do second Lair branch before Depths: true
     0 | D:1      | 0 ||| qw: Lair rune preference: random
     0 | D:1      | 0 ||| qw: Plans: Normal
     0 | D:1      | 0 ||| PLANNING D:1-11
    33 | D:1      | Found a faded altar of an unknown god.
    61 | D:1      | Found Lecrei Lyxiq's Weapon Shoppe.
   329 | D:1      | Reached XP level 2. HP: 17/17 MP: 6/6
   341 | D:1      | Reached skill level 3 in Axes
   964 | D:1      | 964 ||| Stepping ~*~*~tactically~*~*~ (stealth).
  1409 | D:1      | 1409 ||| READING scroll labelled QEECSUT ASAE.
  1410 | D:1      | 1410 ||| READING scroll labelled YTOCYG BOALU.
  1410 | D:1      | Identified a scroll of acquirement
  1410 | D:1      | 1410 ||| ACQUIRING +3 war axe of Ywothit {vorpal, Drain
                  | Str+5 Dex+3}
  1410 | D:1      | Acquired the +3 war axe of Ywothit {vorpal, Drain Str+5
                  | Dex+3}
  1412 | D:1      | 1412 ||| SWAPPING to +3 war axe of Ywothit {vorpal, Drain
                  | Str+5 Dex+3}.
  1413 | D:1      | 1413 ||| DROPPING +0 hand axe.
  1414 | D:1      | 1414 ||| READING scroll labelled KIQOLU XAVUAM.
  1415 | D:1      | 1415 ||| DROPPING scroll of blinking.
  1484 | D:2      | Reached skill level 4 in Axes
  1484 | D:2      | Reached XP level 3. HP: 19/21 MP: 7/7
  1553 | D:2      | 1553 ||| Stepping ~*~*~tactically~*~*~ (stealth).
  1621 | D:2      | Noticed Jessica
  1622 | D:2      | 1622 ||| FLEEEEING.
  1625 | D:2      | 1625 ||| STAIRDANCE
  1669 | D:1      | 1669 ||| DROPPING orb of mayhem.
  1674 | D:2      | 1674 ||| Stepping ~*~*~tactically~*~*~ (hiding).
  1675 | D:2      | 1675 ||| Stepping ~*~*~tactically~*~*~ (hiding).
  1684 | D:2      | Killed Jessica
  1685 | D:2      | Reached XP level 4. HP: 25/26 MP: 8/8
  1721 | D:2      | 1721 ||| Stepping ~*~*~tactically~*~*~ (stealth).
  1724 | D:2      | 1724 ||| Stepping ~*~*~tactically~*~*~ (stealth).
  1778 | D:2      | Reached skill level 5 in Axes
  1867 | D:2      | Found a sparkling altar of Nemelex Xobeh.
  2057 | D:2      | 2057 ||| FLEEEEING.
  2065 | D:2      | 2065 ||| STAIRDANCE
  2093 | D:1      | 2093 ||| UPGRADING to +6 ring of strength.
  2094 | D:1      | 2094 ||| DRINKING 2 sedimented coppery potions.
  2095 | D:1      | 2095 ||| READING 2 scrolls of identify.
  2095 | D:1      | 2095 ||| IDENTIFYING silvery potion
  2096 | D:1      | 2096 ||| DROPPING potion of flight.
  2315 | D:2      | 2315 ||| DRINKING 2 pink potions.
  2352 | D:3      | 2352 ||| PLANNING SEWER
  2377 | D:3      | 2377 ||| DROPPING +0 club.
  2385 | D:3      | 2385 ||| FLEEEEING.
  2386 | D:3      | 2386 ||| FLEEEEING.
  2387 | D:3      | 2387 ||| FLEEEEING.
  2388 | D:3      | 2388 ||| FLEEEEING.
  2389 | D:3      | 2389 ||| FLEEEEING.
  2390 | D:3      | 2390 ||| FLEEEEING.
  2433 | D:3      | Found a snail-covered altar of Cheibriados.
  2443 | D:3      | Found a broken altar of Ashenzari.
  2481 | D:3      | Gained mutation: Your magical nature lets you fly swiftly
                  | and evasively. [Tengu growth]
  2481 | D:3      | Reached XP level 5. HP: 30/30 MP: 9/9
  2494 | D:3      | Noticed Natasha
  2500 | D:3      | Killed Natasha
  2628 | D:3      | 2628 ||| Stepping ~*~*~tactically~*~*~ (hiding).
  2664 | D:3      | Noticed Natasha
  2671 | D:3      | Killed Natasha
  2672 | D:3      | Reached skill level 6 in Axes
  2716 | D:3      | 2716 ||| Stepping ~*~*~tactically~*~*~ (hiding).
  2761 | D:3      | Noticed Natasha
  2762 | D:3      | 2762 ||| Stepping ~*~*~tactically~*~*~ (stealth).
  2980 | D:3      | 2980 ||| Stepping ~*~*~tactically~*~*~ (stealth).
  2982 | D:3      | 2982 ||| Stepping ~*~*~tactically~*~*~ (stealth).
  2984 | D:3      | 2984 ||| Stepping ~*~*~tactically~*~*~ (stealth).
  2986 | D:3      | 2986 ||| Stepping ~*~*~tactically~*~*~ (stealth).
  3037 | D:3      | 3037 ||| RIP SEWER
  3140 | D:3      | 3140 ||| PLANNING D:1-11
  3207 | D:3      | Killed Natasha
  3208 | D:3      | Reached skill level 3 in Dodging
  3414 | D:3      | Reached XP level 6. HP: 35/35 MP: 10/10
  3635 | D:3      | 3635 ||| READING 2 scrolls labelled FYOMUECHAG.
  3636 | D:3      | 3636 ||| READING scroll labelled LUIQEC LACE.
  3637 | D:3      | 3637 ||| DROPPING scroll of poison.
  3638 | D:3      | 3638 ||| Stepping randomly (stuck).
  3639 | D:3      | 3639 ||| Stepping ~*~*~tactically~*~*~ (cloud).
  3853 | D:4      | 3853 ||| STAIRDANCE
  4053 | D:4      | 4053 ||| Stepping ~*~*~tactically~*~*~ (stealth).
  4055 | D:4      | 4055 ||| Stepping ~*~*~tactically~*~*~ (stealth).
  4057 | D:4      | 4057 ||| Stepping ~*~*~tactically~*~*~ (hiding).
  4062 | D:4      | HP: 6/35 [orc priest/+0 flail (4)]
  4063 | D:4      | 4063 ||| DRINKING potion of heal wounds.
  4079 | D:4      | HP: 6/35 [something (3)]
  4081 | D:4      | Reached skill level 7 in Axes
  4415 | D:4      | 4415 ||| DROPPING +0 mace.
  4435 | D:4      | Found a shimmering blue altar of Sif Muna.
  4435 | D:4      | Found an ancient bone altar of Kikubaaqudgha.
  4435 | D:4      | Found a hazy altar of Hepliaklqana.
  4504 | D:4      | Found a basalt altar of Yredelemnul.
  4540 | D:4      | Found Robreps's Antique Weapon Boutique.
  4550 | D:4      | 4550 ||| BUYING runed mace (186 gold).
  4550 | D:4      | Bought a runed mace for 186 gold pieces
  4550 | D:4      | 4550 ||| DROPPING +2 mace of draining.
  4760 | D:4      | Reached skill level 3 in Fighting
  4760 | D:4      | Reached XP level 7. HP: 20/41 MP: 11/11
  4939 | D:4      | Found a glowing silver altar of Zin.
  4940 | D:4      | Found a glowing golden altar of the Shining One.
  4945 | D:4      | Found a white marble altar of Elyvilon.
  5126 | D:4      | Found a burning altar of Makhleb.
  5127 | D:4      | Found a radiant altar of Vehumet.
  5222 | D:4      | Found a staircase to the Ecumenical Temple.
  5223 | D:4      | 5223 ||| PLANNING TEMPLE
  5223 | D:4      | 5223 ||| UPGRADING to +0 cloak.
  5228 | D:4      | 5228 ||| UPGRADING to +0 ring mail.
  5238 | D:4      | 5238 ||| DROPPING +0 leather armour.
  5239 | D:4      | 5239 ||| READING scroll labelled HEUGID ONUORA.
  5244 | D:4      | 5244 ||| READING scroll labelled JIUDUH YCWOH.
  5345 | D:4      | 5345 ||| DRINKING 2 murky black potions.
  5346 | D:4      | 5346 ||| READING 2 scrolls of identify.
  5346 | D:4      | 5346 ||| IDENTIFYING ruby potion
  5347 | D:4      | 5347 ||| DROPPING potion of magic.
  5419 | Temple   | Entered the Ecumenical Temple
  5434 | Temple   | Became a worshipper of Warmaster Okawaru
  5455 | Temple   | 5455 ||| PLANNING D:1-11
  5596 | D:5      | Entered Level 5 of the Dungeon
  5680 | D:5      | Noticed Duvessa
  5680 | D:5      | Noticed Dowan
  5683 | D:5      | Reached skill level 8 in Axes
  5683 | D:5      | 5683 ||| Stepping ~*~*~tactically~*~*~ (hiding).
  5684 | D:5      | 5684 ||| Stepping ~*~*~tactically~*~*~ (hiding).
  5685 | D:5      | 5685 ||| Stepping ~*~*~tactically~*~*~ (hiding).
  5686 | D:5      | Noticed Pikel
  5692 | D:5      | Killed Duvessa
  5694 | D:5      | HP: 5/41 [Pikel/+2 whip of electrocution (17)]
  5696 | D:5      | Killed from afar by Dowan

Levels and vault maps discovered:
D:1:      spicycebolla_green_bress_n_ham_2, layout_basic,
          shapermc_ecumenical_altar_totnotflames, serial_shops,
          nicolae_shop_hallway_plus, serial_bayou, serial_bayou_lagoon_a,
          serial_bayou_crossing, serial_bayou_pond_c, serial_bayou_pond_e
D:2:      layout_rooms, basic_altar, minmay_pentomino_q4, uniq_jessica
D:3:      layout_loops_ring, amethyst_overflow_temple_binary,
          gup_sewer_entry_spiral, uniq_natasha
D:4:      layout_loops_corners, grunt_temple_overflow_lords_of_destruction,
          good_gods_temple_1, gammafunk_temple_overflow_claw,
          mainiacjoe_overflow_catwalk, minmay_temple_entry_poolview,
          serial_shops, nicolae_shop_crystal
D:5:      layout_rooms, nicolae_ru_great_annihilating_truth, uniq_duvessa,
          uniq_pikel
Temple:   corrupted_temple

Skill      XL: |  1  2  3  4  5  6  7 |
---------------+----------------------+-----
Axes           | 4 5 6 7 8 |  8.5
Dodging        | 3 |  3.1
Fighting       | 3 |  3.5
Throwing       | |  1.0
Armour         | |  1.1
Spellcasting   | |  2.0
Translocations | |  2.4

Action                   |  1- 3 |  4- 6 |  7- 9 || total
-------------------------+-------+-------+-------++-------
Melee: Hand axe          |    36 |       |       ||    36
       Kick              |    15 |    18 |     3 ||    36
       War axe           |    29 |    78 |    30 ||   137
       Peck              |    10 |     8 |     6 ||    24
Throw: Boomerang         |     7 |    34 |       ||    41
  Use: Scroll            |     3 |     3 |     3 ||     9
       Potion            |       |     3 |     1 ||     4
Armor: Leather armour    |    21 |    11 |     2 ||    34
       Ring mail         |       |       |     9 ||     9
Dodge: Dodged            |    25 |    39 |    23 ||    87

Table legend:
 A = Non-vault XP
 B = Vault XP
 C = Vault XP percentage of total XP
 D = Non-vault monster count
 E = Vault monster count
 F = Vault count percentage of total count
                 A         B        C        D         E       F
            +---------+---------+-------+---------+---------+-------
      Total |     723 |     344 |  32.2 |      75 |      15 |  16.7
            +---------+---------+-------+---------+---------+-------
        D:1 |      29 |       0 |   0.0 |      18 |       0 |   0.0
        D:2 |      79 |      44 |  35.8 |      18 |       5 |  21.7
        D:3 |     118 |      97 |  45.1 |      15 |       8 |  34.8
        D:4 |     425 |      46 |   9.8 |      20 |       1 |   4.8
        D:5 |      72 |     157 |  68.6 |       4 |       1 |  20.0
            +---------+---------+-------+---------+---------+-------
